 Dungeon Sprint DCSS version 0.21.1-1-g345015f (webtiles) character file.

7030 Psiloshibe the Fencer (level 11, -25/98 HPs)
             Began as a Barachi Berserker on June 1, 2018.
             Was a High Priest of Trog.
             Hit by a large rock thrown by a stone giant (29 damage)
             ... in the Dungeon (Sprint IX: "|||||||||||||||||||||||||||||").
             The game lasted 00:08:41 (1137 turns).

Psiloshibe the Fencer (Barachi Berserker)           Turns: 1137, Time: 00:08:42

Health: -25/98     AC: 20    Str: 20    XL:     11   Next: 8%
Magic:  3/3        EV: 13    Int:  7    God:    Trog [*****.]
Gold:   21         SH:  0    Dex: 17    Spells: 10/10 levels left

rFire    . . .     SeeInvis .   e - +3 triple sword (antimagic)
rCold    . . .     Gourm    .   (shield currently unavailable)
rNeg     . . .     Faith    .   p - +0 plate armour
rPois    .         Spirit   .   o - +0 helmet
rElec    .         Reflect  .   (no cloak)
rCorr    .         Harm     .   F - +0 pair of gloves
MR       ++...     NoTele   +   n - +0 pair of boots
Stlth    ..........             (no amulet)
HPRegen  1.26/turn              q - +2 ring of evasion
MPRegen  0.08/turn              r - +3 ring of dexterity

@: can't hop, regenerating, slow
A: +LOS, swims, slowness 1, strong legs 1
a: Hop, Berserk, Trog's Hand, Brothers in Arms, Burn Spellbooks, Renounce
Religion


You were in the Dungeon.
You worshipped Trog.
Trog was extremely pleased with you.
You were not hungry.

You visited 1 branch You collected 21 gold pieces.

Inventory:

Hand Weapons
 a - a +2 scimitar of holy wrath
 b - a +2 rapier of venom
 e - a +3 antimagic triple sword (weapon)
 G - a +1 antimagic dagger
Missiles
 j - 12 javelins of penetration
 s - an exploding tomahawk
 t - 8 needles of frenzy
 u - 2 silver tomahawks
 C - 7 steel javelins (quivered)
 D - 6 needles of paralysis
 E - 7 tomahawks of returning
Armour
 n - a +0 pair of boots (worn)
 o - a +0 helmet (worn)
 p - a +0 plate armour (worn)
 F - a +0 pair of gloves (worn)
Jewellery
 q - a +2 ring of evasion (left hand)
 r - a +3 ring of dexterity (right hand)
Wands
 m - a wand of acid (9)
Scrolls
 i - 3 scrolls of blinking
 l - 4 scrolls of remove curse
 z - a scroll of enchant armour
 A - 3 scrolls of fog
 B - a scroll of identify
Potions
 d - 4 potions of curing
 f - 2 potions of haste
 g - 4 potions of magic
 h - a potion of berserk rage
 k - a potion of invisibility
 v - a potion of might
 w - 2 potions of brilliance
 x - 2 potions of agility
Books
 y - a book of the Tempests

   Spells                             Type                      Level
   a - Static Discharge               Conjuration/Air              3
   b - Lightning Bolt                 Conjuration/Air              5
   c - Ignition                       Fire                         8
   d - Tornado                        Air                          9
   e - Shatter                        Earth                        9
   Trog disapproves of the use of such an item.
Comestibles
 c - 12 rations
 H - 2 chunks of flesh


   Skills:
 + Level 13.5 Fighting
 + Level 6.1(11.8) Short Blades
 + Level 16.4(16.9) Long Blades
 * Level 12.7 Throwing
 + Level 12.2 Armour
 + Level 8.7 Dodging
 + Level 2.9 Stealth


You had 10 spell levels left.
You didn't know any spells.

Dungeon Overview and Level Annotations

Branches:
Dungeon (1/1)

Altars:
Cheibriados
Dithmenos
Elyvilon
Fedhas
Gozag
Hepliaklqana
Kikubaaqudgha
Makhleb
Nemelex Xobeh
Okawaru
Qazlal
Ru
Sif Muna
Trog
Uskayaw
Vehumet
Wu Jian
Xom
Yredelemnul
Zin
The Shining One
Beogh
Jiyva
Lugonu


Innate Abilities, Weirdness & Mutations

Shadows flee at your approach. (+LOS)
You can swim through water.
You cover ground slowly.
You can hop short distances.


Message History

You hit the stone giant.
The stone giant is lightly wounded.
The stone giant hits you!
You slice the stone giant!!
The stone giant is moderately wounded.
The stone giant hits you!
* * * LOW HITPOINT WARNING * * *
The orc priest mumbles some strange prayers to Beogh against you.
Beogh smites you!
* * * LOW HITPOINT WARNING * * *
You slash the stone giant!
The stone giant is heavily wounded.
The stone giant closely misses you.
The orc priest mumbles some strange prayers to Beogh against you.
Beogh smites you!
* * * LOW HITPOINT WARNING * * *
Hop to where?
Press: ? - help, Dir - move target cursor Boing!
The stone giant throws a large rock.
The large rock hits you!!
You die...

▓.▓.▓.▓.▓o▓
▓.▓.▓.▓.▓C▓
▓.▓.▓.▓.▓§▓
▓÷▓.▓.▓.▓.▓
▓'▓.▓.▓.▓.▓
▓.▓.▓.▓.▓.▓
▓.▓.▓.▓.▓.▓
▓.▓.▓'▓.▓.▓
▓.▓.▓.▓.▓@▓
▓.▓.▓.▓.▓.▓
▓'▓.▓.▓.▓.▓
▓.▓.▓.▓.▓.▓
▓.▓.▓.▓.▓.▓
▓.▓.▓.▓.▓.▓
▓<▓...▓...▓
▓▓▓▓▓▓▓▓▓▓▓


You could see a stone giant and an orc.

Vanquished Creatures
  2 hydras (D)
  A cyclops (D)
  3 spiny frogs (D)
  2 komodo dragons (D)
  A hornet (D)
  2 tyrant leeches (D)
  A hippogriff (D)
  A blink frog (D)
  4 vampire mosquitoes (D)
  3 water moccasins (D)
  A porcupine (D)
  A necrophage (D)
  An orc warrior (D)
  An ice beast (D)
  A wolf (D)
  2 phantoms (D)
  An eye of draining (D)
  4 crocodiles (D)
  A killer bee (D)
  A crimson imp (D)
  A hound (D)
  2 adder skeletons (D)
  2 bats (D)
  A giant cockroach (D)
  A frilled lizard (D)
  A jackal skeleton (D)
  A leopard gecko skeleton (D)
  2 rats (D)
45 creatures vanquished.

Vanquished Creatures (collateral kills)
  Harold (D)
  A black mamba (D)
  A hippogriff (D)
  A bullfrog (D)
4 creatures vanquished.

Grand Total: 49 creatures vanquished

Notes
Turn   | Place    | Note
-------+----------+-------------------------------------------
     0 | D        | Psiloshibe the Barachi Berserker began the quest for the Orb.
     0 | D        | Reached XP level 1. HP: 18/18 MP: 1/1
     9 | D        | Reached skill level 4 in Long Blades
    12 | D        | Reached ** piety under Trog
    25 | D        | Reached skill level 1 in Throwing
    37 | D        | Noticed a phantom
    37 | D        | Noticed a hound
    37 | D        | Noticed a crimson imp
    53 | D        | Killed a crimson imp
    53 | D        | Reached skill level 5 in Fighting
    53 | D        | Reached skill level 5 in Long Blades
    53 | D        | Reached XP level 2. HP: 15/27 MP: 2/2
    53 | D        | Reached XP level 3. HP: 18/33 MP: 3/3
    55 | D        | Reached *** piety under Trog
    58 | D        | Reached skill level 6 in Long Blades
    58 | D        | Reached XP level 4. HP: 27/40 MP: 4/4
   109 | D        | Killed a phantom
   109 | D        | Reached skill level 8 in Long Blades
   109 | D        | Reached skill level 1 in Stealth
   109 | D        | Reached XP level 5. HP: 25/48 MP: 5/5
   121 | D        | Found a roughly hewn altar of Beogh.
   121 | D        | Found a snail-covered altar of Cheibriados.
   121 | D        | Found a shadowy altar of Dithmenos.
   121 | D        | Found a white marble altar of Elyvilon.
   121 | D        | Found a blossoming altar of Fedhas.
   121 | D        | Found an opulent altar of Gozag.
   121 | D        | Found a hazy altar of Hepliaklqana.
   122 | D        | Found a viscous altar of Jiyva.
   123 | D        | Found an ancient bone altar of Kikubaaqudgha.
   124 | D        | Found a corrupted altar of Lugonu.
   125 | D        | Found a burning altar of Makhleb.
   126 | D        | Found a sparkling altar of Nemelex Xobeh.
   127 | D        | Found an iron altar of Okawaru.
   128 | D        | Found a stormy altar of Qazlal.
   129 | D        | Found a sacrificial altar of Ru.
   130 | D        | Found a deep blue altar of Sif Muna.
   131 | D        | Found a bloodstained altar of Trog.
   132 | D        | Found a hide-covered altar of Uskayaw.
   133 | D        | Found a radiant altar of Vehumet.
   134 | D        | Found an ornate altar of the Wu Jian Council.
   135 | D        | Found a shimmering altar of Xom.
   136 | D        | Found a basalt altar of Yredelemnul.
   137 | D        | Found a glowing silver altar of Zin.
   138 | D        | Found a glowing golden altar of the Shining One.
   281 | D        | Noticed a hippogriff
   281 | D        | Noticed a necrophage
   281 | D        | Noticed an ice beast
   298 | D        | Killed an ice beast
   298 | D        | Reached **** piety under Trog
   298 | D        | Reached skill level 9 in Long Blades
   298 | D        | Reached skill level 5 in Throwing
   298 | D        | Reached skill level 5 in Dodging
   298 | D        | Reached XP level 6. HP: 56/56 MP: 6/6
   302 | D        | Killed a necrophage
   302 | D        | Reached skill level 10 in Long Blades
   314 | D        | Killed a hippogriff
   314 | D        | Reached skill level 11 in Long Blades
   314 | D        | Reached skill level 5 in Armour
   314 | D        | Reached XP level 7. HP: 54/64 MP: 7/7
   317 | D        | Received a gift from Trog
   334 | D        | Noticed a hornet
   334 | D        | Noticed a cyclops
   341 | D        | Reached skill level 1 in Short Blades
   347 | D        | Received a gift from Trog
   351 | D        | Reached skill level 10 in Fighting
   351 | D        | Reached skill level 12 in Long Blades
   376 | D        | Killed a cyclops
   376 | D        | Reached XP level 8. HP: 38/74 MP: 2/8
   400 | D        | Received a gift from Trog
   400 | D        | Reached skill level 13 in Long Blades
   408 | D        | Killed a hornet
   557 | D        | Noticed an eight-headed hydra
   557 | D        | Noticed a blink frog
   559 | D        | Noticed a black mamba
   562 | D        | Killed a blink frog
   562 | D        | Received a gift from Trog
   564 | D        | Reached ***** piety under Trog
   564 | D        | Reached XP level 9. HP: 80/81 MP: 9/9
   567 | D        | Killed an eight-headed hydra
   567 | D        | Reached skill level 14 in Long Blades
   570 | D        | Received a gift from Trog
   572 | D        | Reached skill level 15 in Long Blades
   576 | D        | HP: 1/82 [black mamba (13)]
   585 | D        | Killed a black mamba
   585 | D        | Received a gift from Trog
   613 | D        | Noticed a four-headed hydra
   613 | D        | Noticed a komodo dragon
   621 | D        | Reached skill level 10 in Throwing
   623 | D        | Noticed a komodo dragon
   624 | D        | Noticed a spiny frog
   624 | D        | Reached XP level 10. HP: 47/90 MP: 10/10
   625 | D        | Received a gift from Trog
   625 | D        | Reached skill level 10 in Armour
   628 | D        | Killed a four-headed hydra
   628 | D        | Reached skill level 5 in Short Blades
   631 | D        | Killed a spiny frog
   631 | D        | Received a gift from Trog
   631 | D        | Reached skill level 16 in Long Blades
   816 | D        | Noticed a spiny frog
   819 | D        | Noticed a spiny frog
   820 | D        | Reached ****** piety under Trog
   820 | D        | Killed a spiny frog
   821 | D        | Killed a spiny frog
   821 | D        | Received a gift from Trog
  1037 | D        | Noticed Harold
  1056 | D        | HP: 3/92 [Harold/bolt of fire (44)]
  1057 | D        | HP: 1/92 [Harold/dire flail of draining (2)]
  1060 | D        | Killed Harold
  1060 | D        | Received a gift from Trog
  1060 | D        | Reached XP level 11. HP: 12/98 MP: 11/11
  1130 | D        | Noticed a stone giant
  1136 | D        | HP: 3/98 [orc priest/divine providence (10)]
  1137 | D        | Hit by a large rock thrown by a stone giant

Skill      XL: |  1  2  3  4  5  6  7  8  9 10 |
---------------+-------------------------------+-----
Fighting       | 5 6 7 8 9 10 11 12 13 | 13.5
Long Blades    | 5 6 8 9 11 12 13 15 16 | 16.4
Throwing       | 2 3 4 5 6 7 8 10 12 | 12.7
Armour         | 3 4 5 6 7 9 12 | 12.2
Dodging        | 3 4 5 6 7 8 |  8.7
Stealth        | 1 2 |  2.9
Short Blades   | 2 3 4 6 |  6.1

Action                   |  1- 3 |  4- 6 |  7- 9 | 10-12 || total
-------------------------+-------+-------+-------+-------++-------
Melee: Falchion          |    31 |    23 |       |       ||    54
       Scimitar          |       |    18 |    11 |    16 ||    45
       Rapier            |       |     9 |    24 |       ||    33
       Triple sword      |       |       |       |     4 ||     4
Throw: Javelin           |       |       |     9 |    14 ||    23
       Tomahawk          |       |       |     5 |     4 ||     9
Invok: Trog's Hand       |     1 |     1 |     5 |     1 ||     8
       Berserk           |     1 |     1 |       |       ||     2
       Brothers in Arms  |       |       |     1 |     1 ||     2
 Abil: Hop               |       |       |     1 |     1 ||     2
Evoke: Wand              |       |       |     1 |       ||     1
  Use: Potion            |       |       |     3 |     1 ||     4
 Stab: Sleeping          |     1 |       |       |       ||     1
  Eat: Chunk             |       |     1 |     3 |     3 ||     7
Armor: Animal skin       |     8 |       |       |       ||     8
       Plate armour      |       |    19 |    31 |     3 ||    53
Dodge: Dodged            |    21 |    16 |    38 |    12 ||    87
       Rpst.: Falchion   |     6 |     2 |       |       ||     8
       Scimitar          |       |     1 |       |     2 ||     3
